[Event "GER-ch Youth U14 2019"]
[Site "Willingen"]
[Date "2019.06.12"]
[Round "6.8"]
[White "Chassard, Cedric"]
[Black "Roehr, Oliver"]
[Result "1/2-1/2"]
[ECO "C54"]
[WhiteElo "1772"]
[BlackElo "1960"]
[Annotator "NA"]
[PlyCount "96"]
[EventDate "2019.06.07"]
[EventType "swiss"]
[EventRounds "9"]
[EventCountry "GER"]
[SourceTitle "playchess.com"]
[Source "ChessBase"]
[SourceQuality "1"]
[TimeControl "40/5400+30:1800+30"]

1. e4 e5 2. Nf3 Nc6 3. Bc4 Bc5 4. c3 Nf6 5. d4 exd4 6. cxd4 Bb4+ 7. Nbd2 Nxe4 8. d5 Ne7 9. O-O Bxd2 10. Nxd2 Nd6 11. Bd3 O-O 12. Nf3 h6 13. Bc2 Ne8 14. Qd3 Nf6 15. d6 Nc6 16. Bd2 cxd6 17. Bc3 Ne5 18. Nxe5 dxe5 19. Bxe5 g6 20. Rfe1 d6 21. Qxd6 Qxd6 22. Bxd6 Re8 23. Be7 Nd5 24. Bh4 Rxe1+ 25. Rxe1 Be6 26. Bb3 Nf4 27. Bxe6 Nxe6 28. f3 Kg7 29. Bf2 a6 30. Be3 Rc8 31. Rc1 Rxc1+ 32. Bxc1 h5 33. Kf2 Kf6 34. Ke3 Ke5 35. Bd2 Kd5 36. Kd3 b5 37. b3 Nd4 38. Be3 Nf5 39. Bf2 Ng7 40. Bd4 Ne6 41. Be3 Nd8 42. Kc3 f6 43. Bd4 f5 44. Be3 Nc6 45. Bb6 g5 46. Be3 g4 47. fxg4 {[%emt 0:00:00] normal} fxg4 48. h3 Ke4 {[%emt 0:00:00] normal} 1/2-1/2

[Event "GER-ch Youth U14 2019"]
[Site "Willingen"]
[Date "2019.06.12"]
[Round "6.9"]
[White "Simukov, Erik"]
[Black "Deutsch, Christoph"]
[Result "1/2-1/2"]
[ECO "C93"]
[WhiteElo "1904"]
[BlackElo "1937"]
[Annotator "NA"]
[PlyCount "45"]
[EventDate "2019.06.07"]
[EventType "swiss"]
[EventRounds "9"]
[EventCountry "GER"]
[SourceTitle "playchess.com"]
[Source "ChessBase"]
[SourceQuality "1"]
[TimeControl "40/5400+30:1800+30"]

1. e4 e5 2. Nf3 Nc6 3. Bb5 a6 4. Ba4 Nf6 5. O-O Be7 6. Re1 b5 7. Bb3 d6 8. c3 O-O 9. h3 h6 10. d4 Re8 11. a4 Bd7 12. Nbd2 Bf8 13. d5 Ne7 14. Nf1 c6 15. dxc6 Bxc6 16. Ng3 Qc7 17. c4 bxc4 18. Bxc4 d5 19. exd5 Nexd5 20. Bd2 Nb6 21. Bb3 Rad8 22. Qc2 Rc8 {[%emt 0:14:21] normal} 23. Rac1 {[%emt 0:04:12] normal} 1/2-1/2

[Event "GER-ch Youth U14 2019"]
[Site "Willingen"]
[Date "2019.06.12"]
[Round "6.10"]
[White "Bui, Bao Anh Le"]
[Black "Tham, Nam"]
[Result "1-0"]
[ECO "C54"]
[WhiteElo "2065"]
[BlackElo "1993"]
[Annotator "NA"]
[PlyCount "71"]
[EventDate "2019.06.07"]
[EventType "swiss"]
[EventRounds "9"]
[EventCountry "GER"]
[SourceTitle "playchess.com"]
[Source "ChessBase"]
[SourceQuality "1"]
[TimeControl "40/5400+30:1800+30"]

1. e4 e5 2. Nf3 Nc6 3. Bc4 Bc5 4. c3 Nf6 5. d3 d6 6. Bb3 a6 7. h3 Ba7 8. Nbd2 h6 9. Nf1 Ne7 10. Ng3 Ng6 11. O-O O-O 12. Re1 Re8 13. d4 Be6 14. Bc2 c5 15. Be3 Qc7 16. d5 Bd7 17. Nh2 Qc8 18. Nf5 b5 19. Nxd6 Qc7 20. Nxe8 Rxe8 21. Ng4 Nh7 22. Qf3 c4 23. Bxa7 Qxa7 24. Qe3 Qc7 25. a4 Bxg4 26. hxg4 Nf4 27. g3 Nh3+ 28. Kg2 N3g5 29. axb5 axb5 30. Ra7 Qc8 31. f4 exf4 32. gxf4 Qxg4+ 33. Qg3 Qh5 34. fxg5 Nxg5 35. e5 {[%emt 0:00:30] normal} f6 36. e6 {[%emt 0:01:49] normal} 1-0

[Event "GER-ch Youth U14 2019"]
[Site "Willingen"]
[Date "2019.06.12"]
[Round "6.11"]
[White "Evering, Soeren"]
[Black "Laux, Dominik"]
[Result "0-1"]
[ECO "B12"]
[WhiteElo "1879"]
[BlackElo "2061"]
[Annotator "NA"]
[PlyCount "73"]
[EventDate "2019.06.07"]
[EventType "swiss"]
[EventRounds "9"]
[EventCountry "GER"]
[SourceTitle "playchess.com"]
[Source "ChessBase"]
[SourceQuality "1"]
[TimeControl "40/5400+30:1800+30"]

1. e4 c6 2. d4 d5 3. e5 Bf5 4. h4 h5 5. Bd3 Bxd3 6. Qxd3 e6 7. Bg5 Qa5+ 8. Nd2 Qa6 9. c4 Nh6 10. Ngf3 Nf5 11. O-O c5 12. dxc5 Bxc5 13. Qc2 dxc4 14. Nxc4 O-O 15. Rfd1 Nc6 16. a3 Rac8 17. Rac1 Ncd4 18. Nxd4 Bxd4 19. Qb3 Rc6 20. Nd6 Qe2 21. Qf3 Qxf3 22. gxf3 Rxc1 23. Rxc1 Bxb2 24. Rb1 Bxa3 25. Nxf5 exf5 26. Rxb7 Ra8 27. Rb3 Bf8 28. Bc1 a5 29. Ba3 a4 30. Rd3 Bxa3 31. Rxa3 f4 32. Kf1 Kh7 33. Ke2 Kg6 34. Kd3 Kf5 35. Kd4 g5 36. hxg5 h4 37. g6 {[%emt 0:01:32] normal} 0-1

[Event "GER-ch Youth U14 2019"]
[Site "Willingen"]
[Date "2019.06.12"]
[Round "6.12"]
[White "Kosev, Momchil"]
[Black "Schubert, Nikita"]
[Result "1/2-1/2"]
[ECO "A05"]
[WhiteElo "1827"]
[BlackElo "1806"]
[Annotator "NA"]
[PlyCount "129"]
[EventDate "2019.06.07"]
[EventType "swiss"]
[EventRounds "9"]
[EventCountry "GER"]
[SourceTitle "playchess.com"]
[Source "ChessBase"]
[SourceQuality "1"]
[TimeControl "40/5400+30:1800+30"]

1. Nf3 Nf6 2. g3 d5 3. Bg2 Bg4 4. h3 Bh5 5. O-O Nbd7 6. d3 e5 7. Nbd2 c6 8. e4 Qc7 9. Re1 Bd6 10. exd5 cxd5 11. c4 O-O 12. cxd5 Nxd5 13. Qb3 Nb4 14. Nc4 a5 15. Be3 Bc5 16. a3 a4 17. Qc3 Nd5 18. Qc1 Nxe3 19. Nxe3 Qb6 20. Qd2 Qa7 21. Nd5 f6 22. Nh2 Rac8 23. Ng4 Nb6 24. Nge3 Rfd8 25. Rac1 Bf7 26. Nc3 Qa6 27. Be4 Nc4 28. Qe2 Na5 29. Ncd5 Nb3 30. Rcd1 Nd4 31. Qf1 Bg6 32. Bg2 Bh5 33. g4 Bg6 34. Kh1 Kh8 35. Kg1 b5 36. Kh1 Bb6 37. Ne7 Rc7 38. Nxg6+ hxg6 39. Nd5 Rcd7 40. Nxb6 Qxb6 41. Rc1 Nb3 42. Rc3 Nc5 43. Be4 Kh7 44. Re3 Rd4 45. Qe2 Nxe4 46. Rxe4 Qd6 47. Rxd4 exd4 48. Rc2 Rd7 49. Qf3 Re7 50. Kg2 Qe6 51. Qf4 Qb3 52. Rd2 Qd5+ 53. Qf3 Qd7 54. Re2 Rf7 55. Qa8 f5 56. g5 f4 57. Re8 Qb7+ 58. Qxb7 Rxb7 59. Re4 b4 60. Rxd4 bxa3 61. bxa3 Rb3 62. Rxa4 Rxd3 63. Ra8 Rd5 64. h4 Rd3 65. a4 {[%emt 0:00:49] normal} 1/2-1/2

[Event "GER-ch Youth U14 2019"]
[Site "Willingen"]
[Date "2019.06.12"]
[Round "6.13"]
[White "May, Ben-Iven"]
[Black "Farokhi, Keyvan"]
[Result "0-1"]
[ECO "B10"]
[WhiteElo "1692"]
[BlackElo "1963"]
[Annotator "NA"]
[PlyCount "92"]
[EventDate "2019.06.07"]
[EventType "swiss"]
[EventRounds "9"]
[EventCountry "GER"]
[SourceTitle "playchess.com"]
[Source "ChessBase"]
[SourceQuality "1"]
[TimeControl "40/5400+30:1800+30"]

1. e4 c6 2. Nc3 d5 3. Nf3 dxe4 4. Nxe4 Bg4 5. Be2 e6 6. O-O Be7 7. d4 Nf6 8. Ng3 O-O 9. b3 Nbd7 10. Bb2 Nh5 11. Nxh5 Bxh5 12. Ne5 Bxe2 13. Qxe2 Nxe5 14. dxe5 Bc5 15. Rad1 Qe7 16. Rd3 Rfd8 17. Rfd1 Rxd3 18. Qxd3 Bb6 19. c4 Rd8 20. Qe2 Rd7 21. h3 Qd8 22. Rxd7 Qxd7 23. Kf1 Bc5 24. Bc3 b5 25. Ke1 b4 26. Bb2 a5 27. f3 Qd8 28. Qe4 Qg5 29. Qe2 Qg3+ 30. Kd2 h5 31. Kd1 Bf2 32. Qf1 c5 33. Kd2 Qf4+ 34. Kd1 Bd4 35. Qe2 Bxb2 36. Qxb2 a4 37. Qe2 Qd4+ 38. Kc2 Qc3+ 39. Kb1 axb3 40. axb3 Qxb3+ 41. Ka1 Qc3+ 42. Kb1 Qd4 43. Ka2 Kh7 44. Qc2+ Kh6 45. Qe2 Qc3 46. Kb1 b3 {[%emt 0:00:00] normal} 0-1

[Event "GER-ch Youth U14 2019"]
[Site "Willingen"]
[Date "2019.06.12"]
[Round "6.14"]
[White "Matthaei, Jakob"]
[Black "Roste, Hugo"]
[Result "1-0"]
[ECO "B22"]
[WhiteElo "1666"]
[BlackElo "1287"]
[Annotator "NA"]
[PlyCount "77"]
[EventDate "2019.06.07"]
[EventType "swiss"]
[EventRounds "9"]
[EventCountry "GER"]
[SourceTitle "playchess.com"]
[Source "ChessBase"]
[SourceQuality "1"]
[TimeControl "40/5400+30:1800+30"]

1. e4 c5 2. c3 Nf6 3. e5 Nd5 4. d4 cxd4 5. Nf3 Nc6 6. cxd4 d6 7. Bc4 dxe5 8. dxe5 Nb6 9. Qxd8+ Nxd8 10. Bb5+ Bd7 11. Nc3 g6 12. Be3 Nc6 13. Bxb6 axb6 14. Nd5 Ra5 15. b4 Ra3 16. Nxb6 Bg7 17. Rd1 Bg4 18. Nd5 f6 19. Nc7+ Kf8 20. Bxc6 bxc6 21. h3 Bf5 22. Nd4 fxe5 23. Nce6+ Kf7 24. Nxg7 exd4 25. Nxf5 gxf5 26. Rxd4 Rxa2 27. O-O Rc2 28. Ra1 h5 29. Ra7 Re8 30. Rdd7 Rc4 31. Rdb7 Re4 32. Ra6 Rc8 33. Ra5 Kf6 34. Rc5 Ke6 35. Rb6 Re5 36. Rbxc6+ Rxc6 37. Rxc6+ Kd7 38. Rc4 Re6 39. Kh2 {[%emt 0:01:43] normal} 1-0

[Event "GER-ch Youth U14 2019"]
[Site "Willingen"]
[Date "2019.06.12"]
[Round "6.15"]
[White "Haufe, Laurin"]
[Black "Wang, Xinyuan"]
[Result "1-0"]
[ECO "B06"]
[WhiteElo "1995"]
[BlackElo "2060"]
[Annotator "NA"]
[PlyCount "59"]
[EventDate "2019.06.07"]
[EventType "swiss"]
[EventRounds "9"]
[EventCountry "GER"]
[SourceTitle "playchess.com"]
[Source "ChessBase"]
[SourceQuality "1"]
[TimeControl "40/5400+30:1800+30"]

1. e4 g6 2. d4 Bg7 3. Nc3 d6 4. f4 e6 5. Nf3 Ne7 6. Bd3 Nd7 7. Be3 O-O 8. Qd2 Nf6 9. h3 a6 10. g4 b5 11. Ne2 Bb7 12. Ng3 Rc8 13. g5 Nd7 14. h4 c5 15. c3 Qa5 16. h5 Rfd8 17. hxg6 fxg6 18. Kf2 cxd4 19. Nxd4 Bxd4 20. cxd4 Qxd2+ 21. Bxd2 e5 22. fxe5 dxe5 23. d5 Nc5 24. Be2 Rf8+ 25. Ke1 Na4 26. Bb4 Rf7 27. b3 Nc3 28. Bg4 Nxe4 29. Nxe4 Rf4 30. Nf6+ {[%emt 0:01:27] normal} 1-0

[Event "GER-ch Youth U14 2019"]
[Site "Willingen"]
[Date "2019.06.12"]
[Round "6.16"]
[White "Schulemann, Gero"]
[Black "Kolmykov, Egor"]
[Result "1-0"]
[ECO "B28"]
[WhiteElo "1862"]
[BlackElo "1642"]
[Annotator "NA"]
[PlyCount "73"]
[EventDate "2019.06.07"]
[EventType "swiss"]
[EventRounds "9"]
[EventCountry "GER"]
[SourceTitle "playchess.com"]
[Source "ChessBase"]
[SourceQuality "1"]
[TimeControl "40/5400+30:1800+30"]

1. e4 c5 2. Nf3 a6 3. c3 d5 4. exd5 Nf6 5. d4 Qxd5 6. Be3 e6 7. Nbd2 Be7 8. Nc4 Nbd7 9. dxc5 Bxc5 10. Be2 O-O 11. O-O b5 12. Bxc5 Qxc5 13. Ne3 Bb7 14. a4 b4 15. Qb3 a5 16. cxb4 axb4 17. Rfc1 Qe7 18. Nd4 Rac8 19. Ndc2 Nd5 20. Nxd5 exd5 21. Bb5 Bc6 22. Bxc6 Rxc6 23. Qxb4 Qf6 24. Nd4 Rxc1+ 25. Rxc1 Ne5 26. Qc3 Qg6 27. h3 f5 28. Nf3 Nxf3+ 29. Qxf3 Rd8 30. Rd1 d4 31. Rxd4 Qf6 32. Rxd8+ Qxd8 33. b4 Qd4 34. Qb3+ Kf8 35. Qb1 g6 36. a5 Qa7 37. Qa1 {[%emt 0:00:18] normal} 1-0

[Event "GER-ch Youth U14 2019"]
[Site "Willingen"]
[Date "2019.06.12"]
[Round "6.17"]
[White "Schauties, Nico Antonio"]
[Black "Seng, Alexander"]
[Result "1/2-1/2"]
[ECO "E93"]
[WhiteElo "1866"]
[BlackElo "1505"]
[Annotator "NA"]
[PlyCount "75"]
[EventDate "2019.06.07"]
[EventType "swiss"]
[EventRounds "9"]
[EventCountry "GER"]
[SourceTitle "playchess.com"]
[Source "ChessBase"]
[SourceQuality "1"]
[TimeControl "40/5400+30:1800+30"]

1. d4 Nf6 2. Nf3 g6 3. c4 Bg7 4. Nc3 d6 5. e4 O-O 6. Be2 e5 7. d5 Nbd7 8. h3 Nc5 9. Qc2 a5 10. g4 Bd7 11. Be3 Na6 12. a3 c6 13. Na4 c5 14. Nc3 Nc7 15. Nd2 Nfe8 16. f3 Rb8 17. Nb5 Nxb5 18. cxb5 b6 19. a4 g5 20. Nc4 f6 21. O-O-O h6 22. h4 Qe7 23. Bf2 Kf7 24. Ne3 Nc7 25. Bc4 Rh8 26. Rh2 Rbf8 27. Rdh1 Ke8 28. Be1 Na8 29. Bc3 Bc8 30. Qd2 Qd8 31. Bd3 Rf7 32. Nc4 Ra7 33. Qg2 Qe7 34. Qh3 Kd8 35. hxg5 fxg5 36. Qh5 Qf6 37. Be2 Re7 38. Bd2 {[%emt 0:17:21] normal} 1/2-1/2

[Event "GER-ch Youth U14 2019"]
[Site "Willingen"]
[Date "2019.06.12"]
[Round "6.18"]
[White "Weidenhoefer, Max"]
[Black "Sinnhoefer, Joshua"]
[Result "1/2-1/2"]
[ECO "B34"]
[WhiteElo "1787"]
[BlackElo "1466"]
[Annotator "NA"]
[PlyCount "60"]
[EventDate "2019.06.07"]
[EventType "swiss"]
[EventRounds "9"]
[EventCountry "GER"]
[SourceTitle "playchess.com"]
[Source "ChessBase"]
[SourceQuality "1"]
[TimeControl "40/5400+30:1800+30"]

1. e4 c5 2. Nf3 Nc6 3. d4 cxd4 4. Nxd4 Nf6 5. Nc3 e5 6. Ndb5 d6 7. Bg5 Be7 8. Bxf6 Bxf6 9. Nd5 O-O 10. Nxf6+ Qxf6 11. Qxd6 Qh4 12. Bd3 Rd8 13. Qc5 Qg5 14. Kf1 Bd7 15. Qe3 Qxe3 16. fxe3 Nb4 17. Nc3 Nxd3 18. cxd3 Bg4 19. h3 Bh5 20. g4 Bg6 21. Ke2 Rd6 22. Rhd1 Rad8 23. Rd2 f6 24. Rad1 h5 25. Kf3 h4 26. d4 Kf7 27. d5 a6 28. Rc1 Rc8 29. Rdc2 Ke7 30. Rd2 Rc4 {[%emt 0:04:31] normal} 1/2-1/2

[Event "GER-ch Youth U14 2019"]
[Site "Willingen"]
[Date "2019.06.12"]
[Round "6.19"]
[White "Rockmann, Enno"]
[Black "Bress, Aaron"]
[Result "0-1"]
[ECO "B13"]
[WhiteElo "1527"]
[BlackElo "1849"]
[Annotator "NA"]
[PlyCount "107"]
[EventDate "2019.06.07"]
[EventType "swiss"]
[EventRounds "9"]
[EventCountry "GER"]
[SourceTitle "playchess.com"]
[Source "ChessBase"]
[SourceQuality "1"]
[TimeControl "40/5400+30:1800+30"]

1. e4 c6 2. d4 d5 3. exd5 cxd5 4. c4 Nf6 5. Nc3 Nc6 6. cxd5 Nxd5 7. Bc4 Nb6 8. Bb5 a6 9. Bxc6+ bxc6 10. Nf3 Bg4 11. O-O e6 12. Qd3 Bf5 13. Qe2 Be7 14. Ne5 Qc7 15. Bf4 Bd6 16. Qf3 O-O 17. Ne2 Nd5 18. Rac1 Nxf4 19. Nxf4 Bxe5 20. dxe5 Qxe5 21. b3 Rac8 22. Rfe1 Qa5 23. Re2 Rfd8 24. g4 Bg6 25. Rxc6 Rxc6 26. Qxc6 Qg5 27. Rd2 a5 28. Qb5 Qxg4+ 29. Kf1 Rc8 30. Qc5 e5 31. Qc7 h6 32. Rd8+ Rxd8 33. Qxd8+ Kh7 34. Nxg6 Qxg6 35. Qxa5 Qd3+ 36. Kg2 Qe4+ 37. Kf1 Qh1+ 38. Ke2 Qxh2 39. Qd5 Qf4 40. Qd3+ e4 41. Qe3 Qg4+ 42. Kf1 h5 43. Qg3 Qf5 44. a4 g5 45. b4 h4 46. Qg2 Qd5 47. Qg4 Kh6 48. Qe2 f5 49. a5 Qd4 50. a6 f4 51. Qa2 Qd1+ 52. Kg2 Qd8 53. Qe6+ Kh5 54. Qxe4 {[%emt 1:08:21] normal Kg6} 0-1

[Event "GER-ch Youth U14 2019"]
[Site "Willingen"]
[Date "2019.06.12"]
[Round "6.20"]
[White "Bornholdt, Joa Max"]
[Black "Wellssow, Keoki"]
[Result "1-0"]
[ECO "B06"]
[WhiteElo "1754"]
[BlackElo "1509"]
[Annotator "NA"]
[PlyCount "28"]
[EventDate "2019.06.07"]
[EventType "swiss"]
[EventRounds "9"]
[EventCountry "GER"]
[SourceTitle "playchess.com"]
[Source "ChessBase"]
[SourceQuality "1"]
[TimeControl "40/5400+30:1800+30"]

1. e4 g6 2. d4 Bg7 3. Nc3 d6 4. f4 a6 5. Nf3 b5 6. Bd3 Bb7 7. e5 dxe5 8. fxe5 Nd7 9. e6 fxe6 10. Ng5 Nf8 11. Qe2 Nf6 12. Bf4 Qxd4 13. Bg3 Bxg2 14. Qxg2 {[%emt 0:06:55] normal} Qe3+ {[%emt 0:02:29] normal} 1-0

[Event "GER-ch Youth U14 2019"]
[Site "Willingen"]
[Date "2019.06.12"]
[Round "6.21"]
[White "Wildermuth, Nikolas Karl"]
[Black "Gutewort, Paul Emil"]
[Result "1/2-1/2"]
[ECO "A10"]
[WhiteElo "1748"]
[BlackElo "1708"]
[Annotator "NA"]
[PlyCount "41"]
[EventDate "2019.06.07"]
[EventType "swiss"]
[EventRounds "9"]
[EventCountry "GER"]
[SourceTitle "playchess.com"]
[Source "ChessBase"]
[SourceQuality "1"]
[TimeControl "40/5400+30:1800+30"]

1. c4 g6 2. Nc3 Bg7 3. d3 c5 4. g3 Nc6 5. Bg2 e6 6. e4 Nge7 7. Nge2 O-O 8. O-O d6 9. f4 a6 10. Be3 Nd4 11. a4 Rb8 12. Rb1 Bd7 13. g4 b5 14. axb5 axb5 15. Ng3 f5 16. g5 Qc7 17. h4 Bc6 18. h5 Qd7 19. Nce2 e5 20. Bh3 Nxe2+ 21. Qxe2 {[%emt 0:01:08] normal} 1/2-1/2

[Event "GER-ch Youth U14 2019"]
[Site "Willingen"]
[Date "2019.06.13"]
[Round "7.1"]
[White "Pubantz, Jan"]
[Black "Krastev, Alexander"]
[Result "0-1"]
[ECO "A56"]
[WhiteElo "2192"]
[BlackElo "2344"]
[Annotator "NA RC"]
[PlyCount "114"]
[EventDate "2019.06.07"]
[EventType "swiss"]
[EventRounds "9"]
[EventCountry "GER"]
[SourceTitle "playchess.com"]
[Source "ChessBase"]
[SourceQuality "1"]
[TimeControl "40/5400+30:1800+30"]

1. d4 Nf6 2. c4 c5 3. Nf3 cxd4 4. Nxd4 e5 5. Nb5 d5 6. cxd5 Bb4+ 7. N1c3 O-O 8. a3 Ba5 9. b4 Bb6 10. a4 a6 11. Na3 Bd4 12. Bd2 Nxd5 13. Qb3 Be6 14. Qb2 e4 15. e3 Bf6 16. Rc1 Nc6 17. Qb1 Nxc3 18. Bxc3 Bxc3+ 19. Rxc3 Qf6 20. Rc5 Rac8 21. Be2 b6 22. Rc1 Ne5 23. O-O Nf3+ 24. Bxf3 exf3 25. Rxc8 Bxc8 26. Qe4 fxg2 27. Rd1 h5 28. Rd4 Be6 29. Nc4 Rc8 30. Kxg2 Qg5+ 31. Kf1 Bh3+ 32. Ke2 Qg1 33. Nd2 Bg4+ 34. f3 Qxh2+ 35. Kd3 Be6 36. Qf4 Qxf4 37. Rxf4 g5 38. Rd4 h4 39. Ke2 Rc2 40. Rd8+ Kg7 41. Kf2 Ra2 42. Rd6 Kf8 43. b5 Ke7 44. Rd4 axb5 45. axb5 Rb2 46. f4 f6 47. Kg1 Rxb5 48. e4 gxf4 49. Nf3 h3 50. Ra4 Rb1+ 51. Kh2 Rb2+ 52. Kg1 Bg4 53. Nh2 Bh5 54. Ra7+ Ke6 55. Rh7 Rg2+ 56. Kh1 Bg6 {[%emt 0:00:56] normal} 57. Nf3 Bxh7 {[%emt 0:00:47] normal} 0-1

[Event "GER-ch Youth U14 2019"]
[Site "Willingen"]
[Date "2019.06.13"]
[Round "7.2"]
[White "Bethke, Richard"]
[Black "Colbow, Collin"]
[Result "1-0"]
[ECO "B63"]
[WhiteElo "2246"]
[BlackElo "2169"]
[Annotator "NA"]
[PlyCount "83"]
[EventDate "2019.06.07"]
[EventType "swiss"]
[EventRounds "9"]
[EventCountry "GER"]
[SourceTitle "playchess.com"]
[Source "ChessBase"]
[SourceQuality "1"]
[TimeControl "40/5400+30:1800+30"]

1. e4 c5 2. Nf3 d6 3. d4 cxd4 4. Nxd4 Nf6 5. Nc3 Nc6 6. Bg5 e6 7. Qd2 Qb6 8. Nb3 a6 9. f4 Qc7 10. O-O-O b5 11. a3 Rb8 12. Kb1 b4 13. axb4 Rxb4 14. Bxf6 gxf6 15. f5 h5 16. fxe6 fxe6 17. g3 Be7 18. Bh3 a5 19. Na2 Rxe4 20. Bg2 Ra4 21. Nc3 Rb4 22. Qd3 Ne5 23. Nb5 Qb6 24. Nxd6+ Bxd6 25. Qxd6 Qxd6 26. Rxd6 Ke7 27. Rhd1 a4 28. Na5 f5 29. Ka2 Rb5 30. Nc6+ Nxc6 31. Rxc6 h4 32. Rd4 hxg3 33. hxg3 Kf6 34. Rc7 Rg8 35. Bf1 Ra5 36. Rd6 Ra8 37. Bg2 Ra5 38. Rc3 Ba6 39. Rcc6 Bc8 40. Bf1 Re5 41. Bc4 Re3 42. Rc7 {[%emt 0:01:10] normal} 1-0

[Event "GER-ch Youth U14 2019"]
[Site "Willingen"]
[Date "2019.06.13"]
[Round "7.3"]
[White "Weihrauch, Jakob"]
[Black "Hetzner, Hannes"]
[Result "1-0"]
[ECO "C17"]
[WhiteElo "2158"]
[BlackElo "1996"]
[Annotator "NA"]
[PlyCount "58"]
[EventDate "2019.06.07"]
[EventType "swiss"]
[EventRounds "9"]
[EventCountry "GER"]
[SourceTitle "playchess.com"]
[Source "ChessBase"]
[SourceQuality "1"]
[TimeControl "40/5400+30:1800+30"]

1. e4 e6 2. d4 d5 3. Nc3 Bb4 4. e5 c5 5. Bd2 Ne7 6. a3 Bxc3 7. Bxc3 Nbc6 8. Nf3 cxd4 9. Bxd4 Nf5 10. Bc3 d4 11. Bd2 f6 12. Bd3 O-O 13. Qe2 Qc7 14. O-O-O Bd7 15. Bxf5 exf5 16. Qc4+ Kh8 17. e6 b5 18. Qc5 Bxe6 19. Nxd4 Bd7 20. Nxb5 Qb7 21. Nd6 Qa6 22. Qb5 Qxb5 23. Nxb5 Ne5 24. Nc7 Rac8 25. Bb4 Rf7 26. Nd5 Ba4 27. Rd2 Rd7 28. Bc3 Bc6 {[%emt 0:02:51] normal} 29. Rhd1 Rcd8 {[%emt 0:01:55] normal} 1-0

[Event "GER-ch Youth U14 2019"]
[Site "Willingen"]
[Date "2019.06.13"]
[Round "7.4"]
[White "Gallasch, Jonas"]
[Black "von Krosigk, Florian"]
[Result "1-0"]
[ECO "E90"]
[WhiteElo "2137"]
[BlackElo "1926"]
[Annotator "NA"]
[PlyCount "61"]
[EventDate "2019.06.07"]
[EventType "swiss"]
[EventRounds "9"]
[EventCountry "GER"]
[SourceTitle "playchess.com"]
[Source "ChessBase"]
[SourceQuality "1"]
[TimeControl "40/5400+30:1800+30"]

1. d4 Nf6 2. c4 g6 3. Nc3 Bg7 4. e4 d6 5. Nf3 O-O 6. h3 e5 7. dxe5 dxe5 8. Be3 h6 9. Qc2 Qe7 10. Be2 c6 11. O-O Nh5 12. Qd2 Kh7 13. Rad1 Na6 14. Ne1 Nf6 15. Nd3 Nd7 16. Qc2 f5 17. exf5 gxf5 18. f4 e4 19. Nf2 Rg8 20. Kh2 Bf6 21. Rg1 Bh4 22. g3 Bf6 23. a3 Nc7 24. Rdf1 Ne6 25. Rd1 Nc7 26. g4 Bxc3 27. Qxc3 fxg4 28. Nxg4 h5 29. Rxd7 Bxd7 30. Nf6+ Kh8 31. Nxg8+ {[%emt 0:00:07] normal} 1-0

[Event "GER-ch Youth U14 2019"]
[Site "Willingen"]
[Date "2019.06.13"]
[Round "7.5"]
[White "Lutz, Ruben"]
[Black "Arakelian, Aik"]
[Result "1/2-1/2"]
[ECO "A40"]
[WhiteElo "2055"]
[BlackElo "1911"]
[Annotator "NA"]
[PlyCount "46"]
[EventDate "2019.06.07"]
[EventType "swiss"]
[EventRounds "9"]
[EventCountry "GER"]
[SourceTitle "playchess.com"]
[Source "ChessBase"]
[SourceQuality "1"]
[TimeControl "40/5400+30:1800+30"]

1. d4 g6 2. Bf4 d6 3. Nf3 Bg7 4. c3 Nd7 5. e4 e5 6. dxe5 dxe5 7. Bg3 Qe7 8. Nbd2 Ngf6 9. h3 O-O 10. Bc4 h6 11. O-O Kh7 12. Re1 Nh5 13. Bh2 Nb6 14. Bf1 Bf6 15. a4 a5 16. Nc4 Nxc4 17. Bxc4 Be6 18. Qb3 Bxc4 19. Qxc4 Ng7 20. Rad1 c6 21. Re3 Rfd8 22. Red3 Rxd3 23. Qxd3 Qc5 {[%emt 0:03:23] normal} 1/2-1/2

[Event "GER-ch Youth U14 2019"]
[Site "Willingen"]
[Date "2019.06.13"]
[Round "7.7"]
[White "Haack, Kevin"]
[Black "Bui, Bao Anh Le"]
[Result "0-1"]
[ECO "B90"]
[WhiteElo "2033"]
[BlackElo "2065"]
[Annotator "NA"]
[PlyCount "40"]
[EventDate "2019.06.07"]
[EventType "swiss"]
[EventRounds "9"]
[EventCountry "GER"]
[SourceTitle "playchess.com"]
[Source "ChessBase"]
[SourceQuality "1"]
[TimeControl "40/5400+30:1800+30"]

1. e4 c5 2. Nf3 d6 3. d4 cxd4 4. Nxd4 Nf6 5. Nc3 a6 6. Be3 e5 7. Nb3 Be6 8. f4 exf4 9. Bxf4 Nc6 10. Qe2 Rc8 11. h3 Nb4 12. O-O-O Nxa2+ 13. Nxa2 Bxb3 14. Nc3 Be6 15. e5 Nd7 16. exd6 Qa5 17. Qe3 g5 18. Bxg5 Bg7 19. Nb1 Bxb2+ 20. Kxb2 Qa2+ {[%emt 0:00:04] normal} 0-1

[Event "GER-ch Youth U14 2019"]
[Site "Willingen"]
[Date "2019.06.13"]
[Round "7.8"]
[White "Deutsch, Christoph"]
[Black "Eilenberg, Jonas"]
[Result "1/2-1/2"]
[ECO "C01"]
[WhiteElo "1937"]
[BlackElo "1934"]
[Annotator "NA"]
[PlyCount "66"]
[EventDate "2019.06.07"]
[EventType "swiss"]
[EventRounds "9"]
[EventCountry "GER"]
[SourceTitle "playchess.com"]
[Source "ChessBase"]
[SourceQuality "1"]
[TimeControl "40/5400+30:1800+30"]

1. e4 e6 2. d4 d5 3. exd5 exd5 4. Nf3 Nc6 5. c4 Bb4+ 6. Nc3 Nge7 7. a3 Bxc3+ 8. bxc3 O-O 9. Be2 dxc4 10. Bxc4 Nd5 11. Bxd5 Qxd5 12. O-O Bg4 13. Bf4 Bxf3 14. Qxf3 Qxf3 15. gxf3 Rac8 16. Rab1 b6 17. Rfe1 Rfd8 18. Re4 h6 19. Rbe1 Kf8 20. h4 b5 21. Kg2 Rd7 22. a4 bxa4 23. Ra1 Ne7 24. Rxa4 Nd5 25. Bd2 c6 26. Ra6 Rb7 27. c4 Nf6 28. Re1 Rd7 29. Bb4+ Kg8 30. Bc5 Rcc7 31. Rea1 Nh5 32. Rxa7 Nf4+ 33. Kh2 Ne6 {[%emt 0:00:34] normal} 1/2-1/2

[Event "GER-ch Youth U14 2019"]
[Site "Willingen"]
[Date "2019.06.13"]
[Round "7.9"]
[White "Laux, Dominik"]
[Black "Chassard, Cedric"]
[Result "1/2-1/2"]
[ECO "A45"]
[WhiteElo "2061"]
[BlackElo "1772"]
[Annotator "NA"]
[PlyCount "58"]
[EventDate "2019.06.07"]
[EventType "swiss"]
[EventRounds "9"]
[EventCountry "GER"]
[SourceTitle "playchess.com"]
[Source "ChessBase"]
[SourceQuality "1"]
[TimeControl "40/5400+30:1800+30"]

1. d4 Nf6 2. Bg5 d5 3. e3 c5 4. Bxf6 gxf6 5. Nc3 Nc6 6. Qh5 e6 7. Nf3 cxd4 8. exd4 f5 9. Bb5 Bd7 10. O-O Qf6 11. Rfe1 Be7 12. Ne5 Nxe5 13. Rxe5 Bxb5 14. Nxb5 O-O 15. Rae1 Rac8 16. Nc3 Qh4 17. Qd1 Bd6 18. g3 Qh3 19. R5e3 Kh8 20. Ne2 Rg8 21. Rf3 Rg6 22. Nf4 Bxf4 23. Rxf4 Rh6 24. c3 Qxh2+ 25. Kf1 Qh1+ 26. Ke2 Qh5+ 27. Rf3 Qg4 28. Qa4 Rh2 29. Rd1 b5 {[%emt 0:01:51] normal} 1/2-1/2